 Dungeon Crawl Stone Soup version 0.14-a0-226-gcf818b1 (webtiles) character file.

1809 Malachi the Cudgeler (level 8, 0/117 HPs)
             Began as a Troll Fighter on Oct 10, 2013.
             Was a Believer of Trog.
             Succumbed to a killer bee's poison
             ... on Level 7 of the Dungeon.
             The game lasted 00:12:44 (5062 turns).

Malachi the Cudgeler (Troll Fighter)                Turns: 5062, Time: 00:12:45

HP   0/117       AC  6     Str 30      XL: 8   Next: 59%
MP   2/2         EV 10     Int  4      God: Trog [**....]
Gold 237         SH 20     Dex  9      Spells:  0 memorised,  7 levels left

Res.Fire  : . . .   See Invis. : +   a - +0,+1 mace
Res.Cold  : . . .   Warding    : .   s - +0 animal skin
Life Prot.: . . .   Conserve   : .   c - +0 shield
Res.Poison: .       Res.Corr.  : .   (helmet restricted)
Res.Elec. : .       Clarity    : .   t - +0 cloak
Sust.Abil.: . .     Spirit.Shd : .   (gloves unavailable)
Res.Mut.  : .       Stasis     : .   (boots unavailable)
Res.Rott. : .       Flight     : .   (no amulet)
Gourmand  : +                        (no ring)
                                     f - ring of see invisible

@: berserking, mildly poisoned, very quick, slightly resistant to hostile
enchantments, extremely unstealthy
A: unfitting armour, claws 3, blurry vision 1, fast metabolism 3, gourmand,
regeneration 2, saprovore 2, tough skin 2, AC +1, Str -2
a: Burn Spellbooks, Berserk, Trog's Hand, Renounce Religion


You were on level 7 of the Dungeon.
You worshipped Trog.
Trog was pleased with you.
You were not hungry.

You visited 1 branch of the dungeon, and saw 7 of its levels.

You collected 217 gold pieces.

Inventory:

Hand weapons
 a - a +0,+1 mace (weapon)
 v - a +1,+0 orcish whip of flaming
Armour
 b - a +0 robe
 c - a +0 shield (worn)
 s - a +0 animal skin (worn)
 t - a +0 cloak (worn)
Magical devices
 x - a wand of frost (6) {unknown}
Comestibles
 d - 4 meat rations
 j - 4 bread rations
 m - an apple
 n - a lychee
 q - a lemon
 z - a pear
Scrolls
 e - 5 scrolls of teleportation
 h - a scroll of curse armour {unknown}
 i - a scroll of magic mapping
 l - a scroll of fear
 o - 8 scrolls of identify
 w - a scroll of curse weapon {unknown}
Jewellery
 f - a ring of see invisible (left claw)
Potions
 g - 4 potions of curing
Books
 p - a Grand Grimoire {highlevel}

   This book is beyond your current level of understanding.

   Spells                             Type                      Level
   Demonic Horde                      Summoning                    6
   Mass Abjuration                    Summoning                    6
   Haunt                              Necromancy/Summoning         7
   Summon Greater Demon               Summoning                    7
   Malign Gateway                     Summoning/Translocation      7
   Summon Horrible Things             Summoning                    8
   Trog disapproves of the use of such an item.
 u - a book of Conjurations

   Spells                             Type                      Level
   Magic Dart                         Conjuration                  1
   Searing Ray                        Conjuration                  2
   Dazzling Spray                     Conjuration/Hexes            3
   Iskenderun's Mystic Blast          Conjuration                  4
   Iskenderun's Battlesphere          Conjuration/Charms           4
   Fulminant Prism                    Conjuration/Hexes            5
   Trog disapproves of the use of such an item.


   Skills:
 + Level 3.8 Fighting
 * Level 5.9 Maces & Flails
 + Level 5.9 Dodging
 + Level 1.0 Stealth
 + Level 4.4 Shields


You had 7 spell levels left.
You didn't know any spells.

Dungeon Overview and Level Annotations

Branches:
Dungeon (7/27)             Temple (0/1) D:5
    Orc: D:6-11

Altars:
Trog
Xom

Shops:
D:4 [


Innate Abilities, Weirdness & Mutations

You are too large for most types of armour.
You have claws for hands.
Your metabolism is lightning-fast.
You like to eat raw meat.
You heal very quickly.
You can eat rotten meat.
You are covered in fur (AC +1).
You have very tough skin (AC +2).
Your vision is a little blurry.
You are weak. (Str -2)


Message History

The killer bee barely misses you. You block the killer bee's attack.
The killer bee stings you!
* * * LOW HITPOINT WARNING * * *
You closely miss the killer bee.
The killer bee is heavily wounded.
The killer bee stings you but does no damage.
The killer bee closely misses you. The killer bee stings you!
* * * LOW HITPOINT WARNING * * *
You hit the killer bee.
The killer bee is severely wounded.
The killer bee stings you!
* * * LOW HITPOINT WARNING * * *
You are poisoned.
The killer bee poisons you!
The killer bee stings you but does no damage.
You block the killer bee's attack.
Unknown command.
You closely miss the killer bee.
The killer bee is heavily wounded.
You die...

..# #.# #.# #.#
#####.## ##
......###...<
#..........
.#####.k...##.#
.......k@.<...#
.#####.....#######.
#.....###....(#
####.##.....#
.(<...#...#..##.#
###...........#
#.#...#......
#......>####
#.<.....#


You could see 2 killer bees.

Vanquished Creatures
  An orc warrior (D:6)
  2 sky beasts
  2 phantoms
  2 centaurs (D:5)
  An ogre (D:5)
  2 killer bees
  4 hounds
  A giant frog skeleton (D:4)
  An orc priest (D:4)
  2 crimson imps
  An iguana (D:4)
  3 orc wizards
  6 worker ants
  A scorpion (D:5)
  Ijyb (D:4)
  A hound skeleton (D:5)
  8 adders
  A giant mite (D:3)
  4 worms
  An iguana zombie (D:6)
  An adder skeleton (D:5)
  4 giant geckos
  An ooze (D:4)
  16 orcs
  2 ball pythons (D:5)
  2 bat skeletons
  8 giant cockroaches
  7 goblins
  8 hobgoblins
  5 jackals
  8 bats
  6 giant newts
  A giant newt skeleton (D:4)
  2 goblin skeletons (D:4)
  A goblin zombie (D:5)
  2 hobgoblin skeletons (D:4)
  A hobgoblin zombie (D:5)
  A jackal skeleton (D:6)
  5 kobolds
  2 quokkas
  7 rats
  A rat skeleton (D:5)
136 creatures vanquished.

Vanquished Creatures (others)
  An orc (D:4)
1 creature vanquished.

Grand Total: 137 creatures vanquished

Notes
Turn   | Place    | Note
--------------------------------------------------------------
     0 | D:1      | Malachi, the Troll Fighter, began the quest for the Orb.
     0 | D:1      | Reached XP level 1. HP: 23/23 MP: 0/0
   170 | D:1      | Reached XP level 2. HP: 29/31 MP: 0/0
   668 | D:2      | Reached XP level 3. HP: 39/39 MP: 1/1
   929 | D:2      | Found a bloodstained altar of Trog.
  1080 | D:2      | Became a worshipper of Trog the Wrathful
  1367 | D:3      | Reached XP level 4. HP: 40/46 MP: 1/1
  1452 | D:3      | Reached skill level 3 in Dodging
  1750 | D:3      | Acquired Trog's first power
  1925 | D:4      | Reached XP level 5. HP: 26/53 MP: 1/1
  2064 | D:4      | Noticed a sky beast
  2078 | D:4      | Killed a sky beast
  2078 | D:4      | Reached XP level 6. HP: 49/62 MP: 2/2
  2254 | D:4      | Noticed Ijyb
  2264 | D:4      | Killed Ijyb
  2264 | D:4      | Reached skill level 4 in Dodging
  2399 | D:4      | Found Heckoq Lauru's Armour Shop.
  2508 | D:4      | Found a shimmering altar of Xom.
  2508 | D:4      | Noticed a phantom
  2566 | D:4      | Killed a phantom
  2566 | D:4      | Reached XP level 7. HP: 57/68 MP: 2/2
  2680 | D:4      | Paralysed by a potion of paralysis for 6 turns
  2977 | D:5      | Entered Level 5 of the Dungeon
  3085 | D:5      | Reached skill level 5 in Dodging
  3103 | D:5      | Reached skill level 5 in Maces & Flails
  3260 | D:5      | Found a staircase to the Ecumenical Temple.
  3271 | D:5      | Acquired Trog's second power
  3376 | D:5      | Reached XP level 8. HP: 40/78 MP: 2/2
  4515 | D:6      | Reached skill level 1 in Stealth
  4522 | D:6      | Gained mutation: You are weak. (Str -2) [mutagenic meat]
  4523 | D:6      | Gained mutation: Your vision is a little blurry. [mutagenic meat]
  5061 | D:7      | HP: 1/117 [killer bee (7)]
  5062 | D:7      | Succumbed to a killer bee's poison

Action                   |  1- 3 |  4- 6 |  7- 9 || total
-------------------------+-------+-------+-------++-------
Melee: Mace              |   114 |   211 |   305 ||   630
       Giant club        |       |       |     5 ||     5
Invok: Berserk           |       |     1 |     2 ||     3
  Use: Scroll            |       |    10 |     1 ||    11
       Potion            |       |       |     7 ||     7
 Stab: Sleeping          |       |       |     2 ||     2
